 Dungeon Crawl Stone Soup version 0.31-a0-236-g9a0961fb85 (webtiles) character file.

Game seed: 10201018658992365145

2342 qw the Skirmisher (level 9, -2/79 HPs)
             Began as a Minotaur Hexslinger on July 10, 2023.
             Was a Follower of Okawaru.
             Slain by a hornet (8 damage)
             ... while paralysed by a hornet
             ... on level 8 of the Dungeon.
             The game lasted 00:02:53 (6668 turns).

qw the Skirmisher (Minotaur Hexslinger)             Turns: 6668, Time: 00:02:54

Health: -2/79      AC:  8    Str: 14    XL:     9   Next: 20%
Magic:  9/11       EV:  2    Int: 10    God:    Okawaru [*.....]
Gold:   286        SH:  0    Dex: 16    Spells: 9/10 levels left

rFire   . . .        Y - +2 sling
rCold   . . .        (no shield)
rNeg    + . .        m - +0 robe {Will+}
rPois   .            (helmet restricted)
rElec   .            (no cloak)
rCorr   .            j - +1 pair of gloves
SInv    .            l - +2 pair of boots
Will    +....        k - amulet of reflection
Stlth   +++          i - +5 ring of evasion
HPRegen 0.33/turn    n - ring of positive energy
MPRegen 0.12/turn

%: reflection
@: paralysed, heroic
A: horns 2, retaliatory headbutt
a: Renounce Religion, Heroism


You were on level 8 of the Dungeon.
You worshipped Okawaru.
Okawaru was aware of your devotion.
You visited 1 branch of the dungeon, and saw 8 of its levels.

You collected 370 gold pieces.
You spent 84 gold pieces at shops.


Innate Abilities, Weirdness & Mutations

You have a pair of horns on your head.
You reflexively headbutt those who attack you in melee.


   Skills:
 - Level 7.0(12.0) Fighting
 + Level 10.5(15.5) Ranged Weapons
 - Level 1.1(6.1) Armour
 - Level 4.0(9.0) Dodging
 - Level 1.0 Spellcasting
 - Level 2.0 Hexes
 - Level 4.0 Invocations


You had 9 spell levels left.
You knew the following spells:

 Your Spells              Type           Power      Damage    Failure   Level
a - Slow                  Hex            16%        N/A       16%         1

Your spell library contained the following spells:

 Spells                   Type           Power      Damage    Failure   Level
 Inner Flame              Hex/Fire       2%         N/A       56%         3
 Portal Projectile        Hex/Tloc       4%         N/A       56%         3
 Cause Fear               Hex            2%         N/A       83%         4

Inventory:

Hand Weapons
 Y - a +2 sling (weapon)
Armour
 g - a +0 ring mail
 j - a +1 pair of gloves (worn)
 l - a +2 pair of boots (worn)
 m - a +0 robe of willpower (worn)
Jewellery
 i - a +5 ring of evasion (left hand)
 k - an amulet of reflection (around neck)
 n - a ring of positive energy (right hand)
Scrolls
 b - 5 scrolls of teleportation
 d - 3 scrolls of identify
Potions
 c - a potion of enlightenment {unknown}
 e - a potion of haste
 f - a potion of cancellation
 h - a potion of berserk rage {unknown}
 o - a potion of heal wounds

Dungeon Overview and Level Annotations

Branches:
Dungeon (8/15)             Temple (0/1) D:6
   Lair: D:8-11

Altars:
Cheibriados
Elyvilon
Makhleb
Okawaru
Ru
Uskayaw
Vehumet
Xom
Yredelemnul
Zin

Shops:
D:3 (   D:4 [

Annotations:
D:4 1 runed translucent door


Message History

You shoot a sling bullet.
The sling bullet hits the hornet but does no damage.
The hornet is lightly wounded.
You shoot a sling bullet.
The sling bullet hits the hornet but does no damage.
The hornet is lightly wounded.
The hornet stings you but does no damage.
You shoot a sling bullet.
The sling bullet barely misses the hornet.
The hornet completely misses you.
You shoot a sling bullet.
The sling bullet hits the hornet but does no damage.
The hornet is lightly wounded.
The hornet stings you!
You are poisoned.
You suddenly lose the ability to move!
You feel very sick. The hornet stings you!
You shrug off the repeated paralysis!
The hornet stings you!
You shrug off the repeated paralysis!
You feel sick. The hornet stings you!
You feel yourself slow down.
You can move again.
6663 ||| INVOKING Heroism.
You gain the combat prowess of a mighty hero.
You feel sick. The hornet barely misses you. x2
You shoot a sling bullet.
The sling bullet barely misses the hornet.
You feel sick. The hornet misses you. The hornet completely misses you.
You shoot a sling bullet. The sling bullet hits the hornet.
The hornet is lightly wounded.
You feel yourself speed up.
You feel sick. The hornet barely misses you. You furiously retaliate!
You headbutt the hornet! The hornet closely misses you.
You shoot a sling bullet. The sling bullet hits the hornet.
The hornet is heavily wounded.
The hornet stings you!
You suddenly lose the ability to move!
You feel sick. The hornet stings you!
You shrug off the repeated paralysis!
You feel sick.
You are no longer poisoned.
The hornet barely misses you. The hornet stings you!
You die...

#........##
#.........####
#............#
#............####
#........#...'..#
#........#...##.# ..
#....?...#...##.####....
#:.......#...#......(...
##########...#.#@###....
#...#.#y# . #...#.#..
#####.##.# .. .# .. .#
.. .. #.


You could see a hornet.

Vanquished Creatures
  A wyvern (D:7)
  A water moccasin (D:6)
  4 ice beasts
  2 sky beasts (D:7)
  An orc warrior (D:7)
  4 black bears
  An ogre (D:4)
  A bullfrog (D:7)
  2 scorpions
  3 wights (D:6)
  2 orc priests (D:4)
  3 hounds
  7 iguanas
  3 orc wizards
  2 sleepcaps
  8 adders
  A shadow imp (D:8)
  A white imp (D:6)
  3 ufetubi
  A worm (D:2)
  4 dart slugs
  13 orcs
  7 endoplasms
  4 giant cockroaches
  9 goblins
  7 hobgoblins
  8 jackals
  A quokka (D:1)
  10 ball pythons
  10 bats
  4 frilled lizards
  8 kobolds
  A kobold zombie (D:4)
  7 rats
144 creatures vanquished.

Notes
Turn   | Place    | Note
-------+----------+-------------------------------------------
     0 | D:1      | qw the Minotaur Hexslinger began the quest for the Orb.
     0 | D:1      | Reached XP level 1. HP: 16/16 MP: 1/1
     0 | D:1      | 0 ||| qw: Version: 0.3-a-51-g015441d
     0 | D:1      | 0 ||| qw: Game counter: 4497
     0 | D:1      | 0 ||| qw: Melee chars always use a shield: true
     0 | D:1      | 0 ||| qw: God list: Okawaru
     0 | D:1      | 0 ||| qw: Allow faded altars: false
     0 | D:1      | 0 ||| qw: Do Orc after clearing Dungeon:15 true
     0 | D:1      | 0 ||| qw: Do second Lair branch before Depths: true
     0 | D:1      | 0 ||| qw: Lair rune preference: random
     0 | D:1      | 0 ||| qw: Goals: Normal
     0 | D:1      | 0 ||| PLANNING D:1-11
   147 | D:1      | Reached skill level 3 in Ranged Weapons
   148 | D:1      | Reached XP level 2. HP: 13/23 MP: 2/2
   625 | D:1      | Reached XP level 3. HP: 29/29 MP: 3/3
   866 | D:1      | 866 ||| UPGRADING to +0 leather armour.
   876 | D:1      | 876 ||| DROPPING +0 robe.
   877 | D:1      | 877 ||| UPGRADING to +2 pair of boots.
   882 | D:1      | 882 ||| READING scroll labelled MEAXZU ATWOOGA.
   883 | D:1      | 883 ||| READING scroll labelled NIOSUI RESUMA.
   984 | D:1      | 984 ||| READING scroll labelled KEDUORPH RAWKU.
   985 | D:1      | 985 ||| READING scroll labelled RUQOPH SOTIL.
   986 | D:1      | 986 ||| READING scroll labelled GOEL WARIEGO.
   987 | D:1      | 987 ||| READING scroll labelled VODECW KOACH.
   988 | D:1      | 988 ||| DROPPING scroll of poison.
  1050 | D:2      | Found a faded altar of an unknown god.
  1151 | D:2      | Found an iron altar of Okawaru.
  1152 | D:2      | 1152 ||| PLANNING OKAWARU WORSHIP
  1152 | D:2      | 1152 ||| READING 4 scrolls labelled ODYMEO ROUREI.
  1156 | D:2      | 1156 ||| PLANNING D:1-11
  1156 | D:2      | 1156 ||| Stepping randomly (stuck).
  1247 | D:2      | 1247 ||| PLANNING OKAWARU WORSHIP
  1257 | D:2      | Became a worshipper of Warmaster Okawaru
  1258 | D:2      | 1258 ||| PLANNING D:1-11
  1336 | D:2      | Reached skill level 4 in Ranged Weapons
  1387 | D:2      | Reached XP level 4. HP: 30/36 MP: 4/4
  1773 | D:2      | 1773 ||| READING scroll labelled OTOBIE TAAH IDA.
  1774 | D:2      | 1774 ||| READING 2 scrolls of identify.
  1774 | D:2      | 1774 ||| IDENTIFYING coppery potion
  1775 | D:2      | 1775 ||| DROPPING potion of brilliance.
  1841 | D:3      | Reached skill level 5 in Ranged Weapons
  1949 | D:3      | Reached skill level 3 in Fighting
  1961 | D:3      | 1961 ||| FLEEEEING.
  1963 | D:3      | 1963 ||| FLEEEEING.
  1964 | D:3      | 1964 ||| FLEEEEING.
  1966 | D:3      | 1966 ||| FLEEEEING.
  1967 | D:3      | 1967 ||| FLEEEEING.
  1973 | D:3      | 1973 ||| FLEEEEING.
  1974 | D:3      | 1974 ||| FLEEEEING.
  1975 | D:3      | 1975 ||| FLEEEEING.
  1976 | D:3      | 1976 ||| FLEEEEING.
  1977 | D:3      | 1977 ||| FLEEEEING.
  1978 | D:3      | 1978 ||| FLEEEEING.
  1979 | D:3      | 1979 ||| FLEEEEING.
  1980 | D:3      | 1980 ||| FLEEEEING.
  1981 | D:3      | 1981 ||| FLEEEEING.
  1982 | D:3      | 1982 ||| FLEEEEING.
  1983 | D:3      | 1983 ||| FLEEEEING.
  1984 | D:3      | 1984 ||| FLEEEEING.
  1985 | D:3      | 1985 ||| FLEEEEING.
  1986 | D:3      | 1986 ||| FLEEEEING.
  1987 | D:3      | 1987 ||| FLEEEEING.
  1988 | D:3      | 1988 ||| FLEEEEING.
  1989 | D:3      | 1989 ||| FLEEEEING.
  1992 | D:3      | Reached XP level 5. HP: 42/45 MP: 5/5
  2044 | D:3      | Found Zowiurenn's Weapon Boutique.
  2061 | D:3      | 2061 ||| SHOPLISTING +6 triple crossbow of Zomn {elec, rF+
                  | rN+} (1024 gold, have 188).
  2070 | D:3      | Found a sacrificial altar of Ru.
  2072 | D:3      | Found a glowing silver altar of Zin.
  2072 | D:3      | Found a shimmering altar of Xom.
  2074 | D:3      | Found a shimmering altar of Xom.
  2074 | D:3      | Found a burning altar of Makhleb.
  2074 | D:3      | Found a radiant altar of Vehumet.
  2296 | D:3      | 2296 ||| UPGRADING to +0 ring mail.
  2306 | D:3      | 2306 ||| UPGRADING to +0 pair of gloves.
  2311 | D:3      | 2311 ||| DROPPING +0 leather armour.
  2312 | D:3      | 2312 ||| READING scroll labelled CIXTA MUVVUSES.
  2313 | D:3      | 2313 ||| READING scroll labelled ICEYPY XAZESM.
  2314 | D:3      | 2314 ||| DRINKING 2 lumpy puce potions.
  2315 | D:3      | 2315 ||| DRINKING 2 puce potions.
  2398 | D:4      | Reached skill level 1 in Armour
  2498 | D:4      | Found a sacrificial altar of Ru.
  2544 | D:4      | Noticed a black bear
  2545 | D:4      | 2545 ||| FLEEEEING.
  2634 | D:4      | Found a runed translucent door.
  2634 | D:4      | Noticed a human
  2635 | D:4      | Found a basalt altar of Yredelemnul.
  2644 | D:4      | Found an iron altar of Okawaru.
  2655 | D:4      | Noticed an ogre
  2661 | D:4      | Killed an ogre
  2661 | D:4      | Reached * piety under Okawaru
  2662 | D:4      | Reached skill level 6 in Ranged Weapons
  2662 | D:4      | Reached XP level 6. HP: 31/51 MP: 6/6
  2662 | D:4      | 2662 ||| INVOKING Heroism.
  2908 | D:4      | 2908 ||| READING scroll of enchant armour.
  2908 | D:4      | 2908 ||| ENCHANTING +0 pair of gloves.
  2914 | D:4      | Found Woumacwo's Armour Shop.
  2918 | D:4      | 2918 ||| BUYING +0 robe of willpower (84 gold).
  2918 | D:4      | Bought a +0 robe of willpower for 84 gold pieces
  3108 | D:4      | Found a snail-covered altar of Cheibriados.
  3196 | D:4      | 3196 ||| INVOKING Heroism.
  3206 | D:4      | 3206 ||| DRINKING potion of curing.
  3206 | D:4      | 3206 ||| (to cure confusion)
  3207 | D:4      | 3207 ||| INVOKING Heroism.
  3310 | D:4      | 3310 ||| UPGRADING to +0 robe of willpower.
  3320 | D:4      | 3320 ||| UPGRADING to amulet of reflection.
  3325 | D:4      | 3325 ||| READING scroll labelled NAJUUWAEKUXT.
  3326 | D:4      | 3326 ||| DRINKING 2 bubbling emerald potions.
  3352 | D:5      | Entered Level 5 of the Dungeon
  3353 | D:5      | 3353 ||| INVOKING Heroism.
  3365 | D:5      | Reached skill level 7 in Ranged Weapons
  3365 | D:5      | Reached XP level 7. HP: 47/60 MP: 4/7
  3389 | D:5      | 3389 ||| STAIRDANCE
  3442 | D:5      | 3442 ||| FLEEEEING.
  3443 | D:5      | 3443 ||| FLEEEEING.
  3444 | D:5      | 3444 ||| FLEEEEING.
  3445 | D:5      | 3445 ||| FLEEEEING.
  3446 | D:5      | 3446 ||| FLEEEEING.
  3450 | D:5      | 3450 ||| FLEEEEING.
  3451 | D:5      | 3451 ||| FLEEEEING.
  3452 | D:5      | 3452 ||| STAIRDANCE
  3509 | D:4      | 3509 ||| INVOKING Heroism.
  3523 | D:4      | 3523 ||| INVOKING Heroism.
  3591 | D:5      | 3591 ||| STAIRDANCE
  3597 | D:4      | 3597 ||| INVOKING Heroism.
  3657 | D:5      | 3657 ||| STAIRDANCE
  3663 | D:4      | Reached skill level 8 in Ranged Weapons
  3690 | D:5      | 3690 ||| STAIRDANCE
  3747 | D:5      | Reached skill level 1 in Invocations
  3757 | D:5      | 3757 ||| STAIRDANCE
  3759 | D:4      | 3759 ||| INVOKING Heroism.
  3763 | D:4      | Reached skill level 3 in Dodging
  3887 | D:5      | Reached XP level 8. HP: 68/68 MP: 8/8
  3959 | D:5      | 3959 ||| INVOKING Heroism.
  4215 | D:5      | 4215 ||| INVOKING Heroism.
  4225 | D:5      | Reached skill level 3 in Invocations
  4310 | D:5      | Found a white marble altar of Elyvilon.
  4331 | D:5      | 4331 ||| DRINKING 2 emerald potions.
  4499 | D:6      | 4499 ||| INVOKING Heroism.
  4502 | D:6      | HP: 11/63 [wight/+4 great sword of freezing (5)]
  4503 | D:6      | 4503 ||| READING 6 scrolls of teleportation.
  4504 | D:6      | 4504 ||| DRINKING potion of heal wounds.
  4752 | D:6      | 4752 ||| INVOKING Heroism.
  4921 | D:6      | Reached skill level 9 in Ranged Weapons
  4983 | D:6      | Found a staircase to the Ecumenical Temple.
  5079 | D:6      | 5079 ||| FLEEEEING.
  5080 | D:6      | 5080 ||| FLEEEEING.
  5081 | D:6      | 5081 ||| FLEEEEING.
  5083 | D:6      | 5083 ||| FLEEEEING.
  5084 | D:6      | 5084 ||| FLEEEEING.
  5085 | D:6      | 5085 ||| FLEEEEING.
  5086 | D:6      | 5086 ||| FLEEEEING.
  5087 | D:6      | 5087 ||| FLEEEEING.
  5261 | D:6      | 5261 ||| INVOKING Heroism.
  5269 | D:6      | HP: 16/70 [poisoned by a water moccasin]
  5274 | D:6      | HP: 13/70 [poisoned by a water moccasin]
  5480 | D:6      | Found a hide-covered altar of Uskayaw.
  5651 | D:6      | 5651 ||| DROPPING amulet of regeneration.
  5652 | D:6      | 5652 ||| UPGRADING to +5 ring of evasion.
  5653 | D:6      | 5653 ||| UPGRADING to ring of positive energy.
  5654 | D:6      | 5654 ||| DROPPING ring of magical power.
  5687 | D:7      | Reached skill level 6 in Fighting
  5972 | D:7      | Reached skill level 10 in Ranged Weapons
  6034 | D:7      | 6034 ||| INVOKING Heroism.
  6050 | D:7      | Reached XP level 9. HP: 78/78 MP: 9/11
  6492 | D:7      | 6492 ||| READING scroll labelled TEOHEOS NACH.
  6493 | D:7      | 6493 ||| READING scroll labelled XYUCVI HIAGI.
  6494 | D:7      | 6494 ||| READING 2 scrolls of identify.
  6494 | D:7      | 6494 ||| IDENTIFYING cyan potion
  6495 | D:7      | 6495 ||| DROPPING potion of ambrosia.
  6590 | D:8      | Reached ** piety under Okawaru
  6660 | D:8      | Paralysed by a hornet for 2 turns
  6663 | D:8      | 6663 ||| INVOKING Heroism.
  6666 | D:8      | HP: 17/79 [hornet (12)]
  6666 | D:8      | Paralysed by a hornet for 3 turns
  6667 | D:8      | HP: 7/79 [hornet (9)]
  6668 | D:8      | Slain by a hornet

Levels and vault maps discovered:
D:1:      onia_arrival_mini_maze_b, layout_basic
D:2:      layout_loops_ring, nicolae_ecumenical_pavilion, basic_altar,
          minmay_misc_feat_ornament
D:3:      layout_basic, doesnt_xom_only_xom, serial_shops, shop
D:4:      layout_loops_ring, mainiacjoe_overflow_surrounded_room,
          dk_yredelemnul_ordeal, mainiacjoe_overflow_catwalk,
          okawaru_metal_pillars_3, serial_shops, shop
D:5:      layout_basic, nicolae_elyvilon_temple_path, minmay_misc_feat_iff
D:6:      layout_cave_pods, kennysheep_little_box, minmay_temple_entry_junction
D:7:      layout_loops_ring, item_on_display_a
D:8:      layout_basic, nrook_mini_backslash, nicolae_wooded_promenade

Skill      XL: |  1  2  3  4  5  6  7  8  9 |
---------------+----------------------------+-----
Ranged Weapons | 3 4 5 6 7 8 10 | 10.5
Fighting       | 2 3 4 5 6 7 |  7.0
Armour         | 1 |  1.1
Invocations    | 2 4 |  4.0
Dodging        | 3 4 |  4.0
Spellcasting   | |  1.0
Hexes          | |  2.0

Action                     |  1- 3 |  4- 6 |  7- 9 || total
---------------------------+-------+-------+-------++-------
   Fire: Sling             |   104 |   210 |   325 ||   639
 Invoke: Heroism           |       |     4 |    11 ||    15
    Use: Scroll            |     7 |     6 |     4 ||    17
         Potion            |       |     4 |     2 ||     6
 Armour: Robe              |     7 |     3 |    63 ||    73
         Leather armour    |     5 |    17 |       ||    22
         Ring mail         |       |    26 |       ||    26
  Dodge: Dodged            |    36 |    64 |   133 ||   233
  Block: Other             |       |       |    50 ||    50

Table legend:
 A = Non-vault XP
 B = Vault XP
 C = Vault XP percentage of total XP
 D = Non-vault monster count
 E = Vault monster count
 F = Vault count percentage of total count
                 A         B        C        D         E       F
            +---------+---------+-------+---------+---------+-------
      Total |    3344 |       2 |   0.1 |     142 |       2 |   1.4
            +---------+---------+-------+---------+---------+-------
        D:1 |      43 |       1 |   2.3 |      27 |       1 |   3.6
        D:2 |      83 |       0 |   0.0 |      24 |       0 |   0.0
        D:3 |      89 |       0 |   0.0 |      23 |       0 |   0.0
        D:4 |     860 |       1 |   0.1 |      33 |       1 |   2.9
        D:5 |     619 |       0 |   0.0 |      13 |       0 |   0.0
        D:6 |     457 |       0 |   0.0 |       7 |       0 |   0.0
        D:7 |    1046 |       0 |   0.0 |      13 |       0 |   0.0
        D:8 |     147 |       0 |   0.0 |       2 |       0 |   0.0
            +---------+---------+-------+---------+---------+-------
